AoeStats
← Ethan

Arabia

510818889Analyzed
3v3 RM · 12h ago on Oct 2, 2026· 42m 4s· 6 players
Game mode
Random Map
Map size
Normal (6 player)
Population
200
Speed
Normal
Resources
Standard
Victory
Conquest
Starting age
Dark Age
Ending age
Imperial Age
RankedLock teamsTeams togetherTeam positionsShared explorationLock speedFull tech treeHidden civsTurbo modeCheats
Victory
Defeat
🇨🇳 Vikings · China
1258
+13
🇩🇪 Cumans · Germany
1217
+15
🇨🇭 Berbers · Switzerland
1213
+15
🇩🇪 Dravidians · Germany
1241
-17
🇨🇭 Georgians · Switzerland
1197
-14
🇨🇭 Burmese · Switzerland
1125
-12
ramzih
6:43 Loom
8:48 Feudal Age
9:28 Double-Bit Axe
16:51 Wheelbarrow
17:09 Horse Collar
20:45 Castle Age
19:31 Gold Mining
19:59 Bloodlines
19:51 Fletching
21:01 Padded Archer Armor
24:36 Bow Saw
24:32 Heavy Plow
24:44 Bodkin Arrow
28:51 Husbandry
30:27 Leather Archer Armor
31:37 Hand Cart
31:07 Town Watch
32:38 Ballistics
32:13 Murder Holes
33:01 Thumb Ring
35:48 Imperial Age
35:10 Scale Barding Armor
35:16 Forging
34:27 Light Cavalry
36:07 Kasbah
36:37 Chain Barding Armor
36:51 Conscription
36:40 Bracer
38:50 Chemistry
38:06 Hussar
40:15 Plate Barding Armor
Ethan
2:50 Loom
9:25 Feudal Age
9:58 Horse Collar
15:38 Forging
15:28 Double-Bit Axe
21:43 Castle Age
20:00 Scale Barding Armor
20:53 Gold Mining
21:46 Light Cavalry
23:03 Iron Casting
26:15 Chain Barding Armor
32:42 Bow Saw
35:27 Heavy Plow
Pandabruder
6:52 Loom
8:58 Feudal Age
7:29 Loom
10:21 Double-Bit Axe
12:29 Horse Collar
21:54 Wheelbarrow
21:47 Fletching
24:59 Castle Age
22:54 Fletching
23:26 Gold Mining
25:03 Crossbowman
25:43 Bodkin Arrow
26:15 Bow Saw
25:55 Capped Ram
26:56 Ballistics
27:37 Thumb Ring
27:48 Padded Archer Armor
29:27 Leather Archer Armor
33:47 Hand Cart
37:23 Imperial Age
35:54 Scale Barding Armor
36:55 Chain Barding Armor
36:48 Bloodlines
37:26 Cavalier
38:42 Plate Barding Armor
38:36 Conscription
39:22 Forging
41:34 Iron Casting
40:56 Town Watch
zenoli
6:28 Loom
6:41 Loom
9:21 Feudal Age
9:55 Double-Bit Axe
12:49 Horse Collar
22:42 Castle Age
21:44 Bloodlines
21:40 Scale Barding Armor
22:03 Forging
23:45 Husbandry
24:07 Chain Barding Armor
25:45 Bow Saw
26:29 Gold Mining
27:54 Heavy Plow
30:17 Iron Casting
34:00 Wheelbarrow
35:39 Hand Cart
35:10 Town Watch
40:27 Imperial Age
40:39 Cavalier
Luca Brasi
7:35 Loom
9:53 Feudal Age
10:54 Horse Collar
21:03 Castle Age
19:43 Fletching
20:51 Padded Archer Armor
20:48 Gold Mining
21:12 Crossbowman
21:56 Bodkin Arrow
26:36 Town Watch
29:19 Heavy Plow
40:39 Imperial Age
38:36 Ballistics
robert
5:53 Loom
8:55 Feudal Age
9:29 Double-Bit Axe
15:56 Horse Collar
20:53 Castle Age
22:49 Wheelbarrow
23:12 Heavy Plow
24:39 Bow Saw
24:24 Fletching
26:16 Heavy Plow
26:16 Bodkin Arrow
26:22 Padded Archer Armor
26:24 Elite Skirmisher
28:05 Leather Archer Armor
28:26 Thumb Ring
28:48 Hand Cart
29:32 Gold Mining
31:55 Ballistics
33:27 Stone Mining
35:44 Town Watch
38:36 Pikeman
39:19 Scale Mail Armor
39:30 Forging
39:44 Medical Corps
43:43 Imperial Age
Connection lost

Rejoining the realm…

Still unreachable

The connection could not be restored.

Session expired

The server has moved on; the page needs a fresh start.